 Dungeon Crawl Stone Soup version 0.30-a0-956-gcec3b41aec (webtiles) character file.

Game seed: 8388259564043393041

899 IdlyInterested the Trooper (level 7, -5/59 HPs)
             Began as a Demonspawn Gladiator on Mar 29, 2023.
             Slain by Menkaure (8 damage)
             ... on level 5 of the Dungeon.
             The game lasted 00:14:45 (4534 turns).

IdlyInterested the Trooper (Demonspawn Gladiator)   Turns: 4534, Time: 00:14:46

Health: -5/59      AC:  7    Str: 14    XL:     7   Next: 79%
Magic:  17/17      EV: 12    Int: 10    God:
Gold:   256        SH:  0    Dex: 14    Spells: 8/8 levels left

rFire   + . .      SeeInvis .    a - +0 long sword
rCold   . . .      Faith    .    (no shield)
rNeg    . . .      Spirit   .    F - +2 robe {rF+}
rPois   .          Reflect  .    (helmet restricted)
rElec   .          Rampage  .    (no cloak)
rCorr   .                        C - +0 pair of gloves
Will    .....                    (no boots)
Stlth   +                        f - amulet of regeneration
HPRegen 1.09/turn                c - ring of magical power
MPRegen 0.15/turn                (no ring)

@: confused, ambrosia-drunk
A: horns 2, thin metallic scales 1, powered by death 2, demonic magic 1, hooves
2, clumsy 1
a: no special abilities


You were on level 5 of the Dungeon.
You visited 1 branch of the dungeon, and saw 5 of its levels.

You collected 256 gold pieces.

Inventory:

Hand Weapons
 a - a +0 long sword (weapon)
 g - a +2 dagger of draining
 t - the +3 mace of Jileubukeka {freeze, *Corrode Will+ Dex+3}
   (You found it on level 2 of the Dungeon)

   Dex:       It affects your dexterity (+3).
   *Corrode:  It may corrode you when you take damage.
   Will:      It increases your willpower.
 z - a +1 dagger of venom
Missiles
 d - 3 throwing nets
 e - 7 javelins
 h - 4 poisoned darts (quivered)
 l - 65 stones
 D - 4 boomerangs
Armour
 C - a +0 pair of gloves (worn)
 F - a +2 robe of fire resistance (worn)
Jewellery
 c - a ring of magical power (left hand)
 f - an amulet of regeneration (around neck)
Wands
 p - a wand of mindburst (11)
 s - a wand of iceblast (6)
 y - a wand of polymorph (11)
Scrolls
 r - 4 scrolls of teleportation
 x - a scroll of fog {unknown}
Potions
 b - 2 potions of curing
 i - a potion of lignification {unknown}
 j - a potion of magic {unknown}
 k - 2 potions of mutation
 m - 2 potions of heal wounds {unknown}
 n - 2 potions of berserk rage
 o - a potion of flight {unknown}
 u - a potion of ambrosia
 w - 2 potions of cancellation
 A - a potion of degeneration {unknown}
 B - 2 potions of resistance


   Skills:
 * Level 6.6 Fighting
 + Level 5.0 Long Blades
 - Level 1.7 Throwing
 - Level 2.0 Armour
 - Level 2.6 Dodging
 - Level 2.0 Stealth
 + Level 1.2 Spellcasting
 - Level 1.0 Evocations


You had 8 spell levels left.
You didn't know any spells.
Your spell library contained the following spells:

 Spells                   Type           Power      Damage    Failure   Level
 Sandblast                Erth           0%         2d4       34%         1
 Passwall                 Tmut/Erth      0%         N/A       45%         2
 Gell's Gravitas          Tloc           0%         N/A       71%         3
 Stone Arrow              Conj/Erth      0%         3d7       71%         3
 Teleport Other           Tloc           0%         N/A       71%         3
 Dispersal                Tloc           0%         N/A       100%        6


Dungeon Overview and Level Annotations

Branches:
Dungeon (5/15)
 Temple: D:4-7

Altars:
Cheibriados
Okawaru
Ru
Uskayaw

Annotations:
D:5 2 transporters, Menkaure; retardedninja's ghost, novice AtFi


Innate Abilities, Weirdness & Mutations

You have a pair of horns on your head.
You are partially covered in thin metallic scales. (AC +2)
You regenerate health from kills.
Spells you cast may paralyse adjacent enemies.
You have hoof-like feet.
You are clumsy. (Dex -2)


Message History

You continue putting on your +2 robe of fire resistance. x5
You finish putting on your +2 robe of fire resistance.
You feel resistant to fire.
You drop a +0 scale mail.
You drop a +0 robe of fire resistance.
You feel your magic capacity increase.
c - a ring of magical power (left hand)
As you read the scroll of identify, it crumbles to dust.
B - 2 potions of resistance
Things that are here:
a +0 giant spiked club; an ogre corpse Magic restored.
You enter the shallow water.
Moving in this stuff is going to be slow.
Found a spear.
You enter the shallow water.
Moving in this stuff is going to be slow.
You enter the shallow water.
Moving in this stuff is going to be slow.
You open the door.
Menkaure, Prince of Dust comes into view.
Menkaure shouts!
Menkaure calls on the powers of darkness!
Your body is wracked with pain!
There is an open door here.
Menkaure casts a spell at you. Pain shoots through your body!
Menkaure gestures wildly while chanting.
Menkaure seems to speed up.
You barely miss Menkaure. You kick Menkaure.
Menkaure is lightly damaged.
Menkaure gestures at you while chanting.
Pain shoots through your body!
* * * LOW HITPOINT WARNING * * *
You are confused.
You feel invigorated. Menkaure closely misses you.
You're too confused to move!
Menkaure hits you!!
* * * LOW HITPOINT WARNING * * *
Menkaure hits you!
You die...

#...# #...#...#
#...#.... #...#...
#...#..#
#...#..###
######...#..#≈#
......M@.#..#≈##
.........'...~.#
.........#...~.#
##########...~.###
...........#≈#..#
.......
....)......#≈#..#
........
...........#≈#..#
...#####
##.........######
..##.....
$##...........#


You could see Menkaure (fast).

Vanquished Creatures
  A black bear (D:3)
  An ice beast (D:5)
  An ogre (D:5)
  A phantom (D:5)
  A scorpion (D:5)
  A howler monkey (D:4)
  A hound (D:3)
  A jelly (D:5)
  An orc priest (D:5)
  3 iguanas
  Jessica (D:2)
  4 orc wizards (D:5)
  Robin (D:4)
  3 gnolls (D:3)
  4 adders
  A dart slug (D:3)
  3 orcs
  8 ball pythons
  7 endoplasms
  4 giant cockroaches
  14 goblins
  10 hobgoblins
  6 jackals
  3 quokkas
  4 bats
  2 frilled lizards
  10 kobolds
  7 rats
104 creatures vanquished.

Vanquished Creatures (others)
  4 fungi (D:3)
  3 plants (D:3)
7 creatures vanquished.

Grand Total: 111 creatures vanquished

Notes
Turn   | Place    | Note
-------+----------+-------------------------------------------
     0 | D:1      | IdlyInterested the Demonspawn Gladiator began the quest for
                  | the Orb.
     0 | D:1      | Reached XP level 1. HP: 16/16 MP: 1/1
   146 | D:1      | Gained mutation: You are partially covered in thin metallic
                  | scales. (AC +2) [demonic ancestry]
   146 | D:1      | Reached XP level 2. HP: 20/22 MP: 2/2
   367 | D:1      | Reached skill level 1 in Armour
   509 | D:1      | Gained mutation: You have a pair of small horns on your
                  | head. [demonic ancestry]
   509 | D:1      | Reached XP level 3. HP: 28/28 MP: 3/3
   726 | D:1      | Reached skill level 3 in Fighting
  1032 | D:2      | Found a sacrificial altar of Ru.
  1237 | D:2      | Noticed Jessica
  1597 | D:2      | Identified the +3 mace of Jileubukeka {freeze, *Corrode
                  | Will+ Dex+3}
  1707 | D:2      | Killed Jessica
  1708 | D:2      | Reached skill level 1 in Stealth
  1708 | D:2      | Gained mutation: You regenerate a little health from kills.
                  | [demonic ancestry]
  1708 | D:2      | Reached XP level 4. HP: 35/35 MP: 4/4
  1744 | D:2      | Gained mutation: You are clumsy. (Dex -2) [potion of
                  | mutation]
  1744 | D:2      | Gained mutation: You are dopey. (Int -2) [potion of
                  | mutation]
  1744 | D:2      | Gained mutation: Your flesh is heat resistant. (rF+)
                  | [potion of mutation]
  1833 | D:3      | Found a hide-covered altar of Uskayaw.
  2088 | D:3      | Noticed a black bear
  2101 | D:3      | Killed a black bear
  2102 | D:3      | Reached skill level 4 in Fighting
  2102 | D:3      | Reached skill level 1 in Evocations
  2102 | D:3      | Gained mutation: You regenerate health from kills. [demonic
                  | ancestry]
  2102 | D:3      | Reached XP level 5. HP: 43/43 MP: 5/5
  2502 | D:3      | Found a faded altar of an unknown god.
  2866 | D:3      | Lost mutation: Your flesh is heat resistant. (rF+) [potion
                  | of mutation]
  2866 | D:3      | Lost mutation: You are dopey. (Int -2) [potion of mutation]
  2866 | D:3      | Gained mutation: You have large cloven feet. [potion of
                  | mutation]
  2866 | D:3      | Gained mutation: You have hoof-like feet. [potion of
                  | mutation]
  3015 | D:4      | Gained mutation: You have a pair of horns on your head.
                  | [demonic ancestry]
  3015 | D:4      | Reached XP level 6. HP: 46/49 MP: 6/6
  3077 | D:4      | Noticed Robin
  3088 | D:4      | Killed Robin
  3143 | D:4      | Found an iron altar of Okawaru.
  3148 | D:4      | Found a snail-covered altar of Cheibriados.
  3785 | D:4      | Reached skill level 5 in Fighting
  3841 | D:5      | Entered Level 5 of the Dungeon
  3845 | D:5      | Noticed an ice beast
  3860 | D:5      | Killed an ice beast
  3954 | D:5      | Gained mutation: Spells you cast may paralyse adjacent
                  | enemies. [demonic ancestry]
  3954 | D:5      | Reached XP level 7. HP: 57/57 MP: 7/7
  4000 | D:5      | Reached skill level 6 in Fighting
  4098 | D:5      | Found a transporter.
  4099 | D:5      | Noticed retardedninja's ghost (novice AtFi)
  4109 | D:5      | Found a transporter.
  4356 | D:5      | Reached skill level 5 in Long Blades
  4356 | D:5      | Reached skill level 1 in Spellcasting
  4528 | D:5      | Noticed Menkaure
  4534 | D:5      | Slain by Menkaure

Illustrated notes

Levels and vault maps discovered:
D:1:      spicycebolla_green_bress_n_ham, layout_basic
D:2:      layout_loops_cross, basic_altar, uniq_jessica
D:3:      layout_basic, eat_drink_and_be_merry_uskayaw,
          dreamdust_ecumenical_altar_hidden_monk_grotto
D:4:      layout_loops_corners, minitemple, uniq_robin
D:5:      layout_basic, kennysheep_little_box, gammafunk_ghost_arena,
          minivault_4, chequers_serial_rivers_micro_a, minmay_starry_boxes,
          uniq_menkaure, uniq_eustachio

Skill      XL: |  1  2  3  4  5  6  7 |
---------------+----------------------+-----
Long Blades    | 3 4 5 |  5.0
Armour         | 1 2 |  2.0
Fighting       | 3 4 5 6 |  6.6
Stealth        | 1 2 |  2.0
Evocations     | 1 |  1.0
Spellcasting   | 1 |  1.2
Throwing       | |  1.7
Dodging        | |  2.6

Action                     |  1- 3 |  4- 6 |  7- 9 || total
---------------------------+-------+-------+-------++-------
  Melee: Long sword        |    25 |       |    49 ||    74
         Punch             |     1 |     2 |       ||     3
         Dagger            |    98 |   135 |    10 ||   243
         Headbutt          |     6 |    21 |     8 ||    35
         Kick              |       |    21 |    12 ||    33
  Throw: Dart              |       |    11 |       ||    11
    Use: Scroll            |     3 |     6 |     1 ||    10
         Potion            |       |     2 |     1 ||     3
 Armour: Leather armour    |    15 |       |       ||    15
         Ring mail         |     8 |       |       ||     8
         Scale mail        |    13 |    51 |    33 ||    97
  Dodge: Dodged            |    88 |    55 |    25 ||   168

Table legend: (Time is in decaauts)
 A = Elapsed time spent in this place.
 B = Non-inter-level travel time spent in this place.
 C = Inter-level travel time spent in this place.
 D = Time resting spent in this place.
 E = Time spent auto-exploring this place.
 F = Levels seen in this place.
 G = Mean time per level.
                   A        B        C        D        E       F      G
               +--------+--------+--------+--------+--------+-----+--------+
         Total |   4522 |   4006 |    516 |    251 |   2622 |   5 |  904.4 |
       Dungeon |   4522 |   4006 |    516 |    251 |   2622 |   5 |  904.4 |
               +--------+--------+--------+--------+--------+-----+--------+

Top non-repeatable levels by time:
     D:1: 1169 daAuts
     D:3: 1029 daAuts
     D:4: 985 daAuts
     D:2: 703 daAuts
     D:5: 634 daAuts
